 Dungeon Crawl Stone Soup version 0.19.1 (webtiles) character file.

450 Gargoyl the Covered (level 6, 0/48 HPs)
             Began as a Demonspawn Abyssal Knight on Nov 30, 2016.
             Was a Priest of Lugonu.
             Slain by Duvessa
             ... wielding a +0 short sword
              (2 damage)
             ... on level 4 of the Dungeon.
             The game lasted 00:06:41 (3467 turns).

Gargoyl the Covered (Demonspawn Abyssal Knight)     Turns: 3467, Time: 00:06:41

Health: 0/48       AC: 10    Str: 19    XL:     6   Next: 74%
Magic:  9/9        EV:  8    Int: 13    God:    Lugonu [***...]
Gold:   167        SH:  0    Dex: 14    Spells: 0 memorised, 5 levels left

rFire  . . .     SeeInvis .     a - +1 hand axe
rCold  . . .     Gourm    .     t - +1 chain mail
rNeg   . . .     Faith    .     (no shield)
rPois  .         Spirit   .     (no helmet)
rElec  .         Reflect  .     (no cloak)
rCorr  +         Harm     .     (no gloves)
MR     .....                    (no boots)
Stlth  ..........               e - amulet of regeneration
                                u - +4 ring of strength
                                i - ring of resist corrosion

@: no status effects
A: thin skeletal structure 1, demonic guardian 2
a: Depart the Abyss, Bend Space, Banish, Renounce Religion


You were on level 4 of the Dungeon.
You worshipped Lugonu.
Lugonu was most pleased with you.
You were not hungry.

You visited 1 branch of the dungeon, and saw 4 of its levels.
You visited the Abyss 1 time.

You collected 167 gold pieces.

Inventory:

Hand Weapons
 a - a +1 hand axe (weapon)
Missiles
 r - 5 tomahawks (quivered)
Armour
 t - a +1 chain mail (worn)
Jewellery
 e - an amulet of regeneration (around neck)
 i - a ring of resist corrosion (left hand)
 u - a +4 ring of strength (right hand)
Scrolls
 b - a scroll of remove curse
 d - 2 scrolls of enchant weapon
 l - a scroll of identify
 m - a scroll of fog
 o - a scroll of amnesia
Potions
 f - a potion of agility {unknown}
 n - a potion of cancellation {unknown}
 q - a potion of might {unknown}
 v - a potion of invisibility
Comestibles
 c - 5 bread rations
 j - a meat ration
 k - 2 beef jerkies


   Skills:
 + Level 4.0 Fighting
 + Level 3.6 Axes
 * Level 4.3 Armour
 + Level 1.5 Dodging
 * Level 4.2 Invocations


You had 5 spell levels left.
You didn't know any spells.

Dungeon Overview and Level Annotations

Branches:
Dungeon (4/15)
 Temple: D:4-7

Altars:
Ashenzari
Dithmenos
Fedhas
Hepliaklqana
Makhleb
Nemelex Xobeh

Annotations:
D:4 Duvessa


Innate Abilities, Weirdness & Mutations

You have a somewhat thin skeletal structure. (Dex +2, Stealth)
A demonic guardian rushes to your aid.


Message History

Things that are here:
a dagger; a robe Unknown command.
You miss something. Something hits you but does no damage. Something hits you.
You closely miss something. Something hits you!
Something hits you but does no damage.
You barely miss something. Something hits you.
You hit something. Something hits you but does no damage. Something hits you.
You hit something. Something hits you but does no damage. Something hits you.
You miss something. Something hits you. Something hits you!
* * * LOW HITPOINT WARNING * * *
You barely miss something. Something hits you but does no damage.
Your chain mail prevents you from hitting something.
Something hits you!
* * * LOW HITPOINT WARNING * * *
Something hits you.
* * * LOW HITPOINT WARNING * * *
Your chain mail prevents you from hitting something.
Something hits you.
You die...

#.# .# #####..####
#.# .# #..#### .#
#...... ########.#
##>###.
#>...ยง.$.# #.# #.
#.# ######.###.
#.####............
#{3..########.###.
#@##.# #.# ##
#.#####.# # #.#
#.......##.#
#.####
######.....#
#..... #.#####
###### ##.# #..#
#.## #.########


You could see a friendly sixfirhy.

Vanquished Creatures
  An ogre (D:4)
  A scorpion (D:4)
  3 orc wizards
  2 worker ants (D:4)
  8 adders
  An ooze (D:3)
  4 worms
  2 dart slugs (D:3)
  3 leopard geckos
  12 orcs
  3 giant cockroaches
  6 hobgoblins
  6 kobolds
  7 bats
  2 frilled lizards
  5 goblins
  8 rats
74 creatures vanquished.

Vanquished Creatures (collateral kills)
  Dowan (D:4)
  An orc wizard (D:4)
  An adder (D:3)
  A leopard gecko (D:4)
  4 orcs
  A giant cockroach (D:3)
  A rat (D:3)
10 creatures vanquished.

Grand Total: 84 creatures vanquished

Notes
Turn   | Place    | Note
-------+----------+-------------------------------------------
     0 | Abyss:1  | Gargoyl the Demonspawn Abyssal Knight began the quest for the Orb.
     0 | Abyss:1  | Reached XP level 1. HP: 18/18 MP: 2/2
    29 | Abyss:1  | Noticed an ancient lich
   117 | Abyss:1  | Noticed a wraith
   198 | Abyss:2  | Noticed a flying skull
   205 | D:1      | Escaped the Abyss
   413 | D:1      | Gained mutation: You have a somewhat thin skeletal structure. (Dex +2, Stealth) [demonic ancestry]
   413 | D:1      | Reached XP level 2. HP: 24/24 MP: 3/3
   487 | D:1      | Reached skill level 1 in Dodging
   626 | D:2      | Reached * piety under Lugonu
   983 | D:2      | Gained mutation: A weak demonic guardian rushes to your aid. [demonic ancestry]
   983 | D:2      | Reached XP level 3. HP: 20/29 MP: 5/5
  1795 | D:3      | Reached XP level 4. HP: 26/36 MP: 6/6
  1995 | D:3      | Reached ** piety under Lugonu
  2110 | D:3      | Reached XP level 5. HP: 41/41 MP: 7/7
  2811 | D:4      | Noticed an ogre
  2817 | D:4      | Killed an ogre
  2817 | D:4      | Gained mutation: A demonic guardian rushes to your aid. [demonic ancestry]
  2817 | D:4      | Reached XP level 6. HP: 27/48 MP: 8/8
  2982 | D:4      | Reached *** piety under Lugonu
  3036 | D:4      | Found a hazy altar of Hepliaklqana.
  3037 | D:4      | Found a shattered altar of Ashenzari.
  3042 | D:4      | Found a shadowy altar of Dithmenos.
  3042 | D:4      | Found a burning altar of Makhleb.
  3043 | D:4      | Found a sparkling altar of Nemelex Xobeh.
  3044 | D:4      | Found a blossoming altar of Fedhas.
  3446 | D:4      | Noticed Duvessa
  3446 | D:4      | Noticed Dowan
  3457 | D:4      | Killed Dowan
  3466 | D:4      | HP: 1/48 [something (4)]
  3467 | D:4      | Slain by Duvessa

Skill      XL: |  1  2  3  4  5  6 |
---------------+-------------------+-----
Axes           | 2 3 |  3.6
Dodging        | 1 |  1.5
Armour         | 2 3 4 |  4.3
Invocations    | 3 4 |  4.2
Fighting       | 4 |  4.0

Action                   |  1- 3 |  4- 6 || total
-------------------------+-------+-------++-------
Melee: Hand axe          |   158 |   240 ||   398
Throw: Tomahawk          |       |     1 ||     1
Invok: Depart the Abyss  |     1 |       ||     1
  Use: Scroll            |     1 |    11 ||    12
       Potion            |       |     1 ||     1
 Stab: Distracted        |       |     1 ||     1
  Eat: Chunk             |     3 |     6 ||     9
Armor: Ring mail         |    79 |    21 ||   100
       Chain mail        |       |    97 ||    97
Dodge: Dodged            |   113 |    93 ||   206
